 Dungeon Crawl Stone Soup version 0.23.2-11-gf996548c65 (webtiles) character file.

Game seed: 1718357823496477121

200 cab the Digger (level 5, -1/28 HPs)
             Began as a Gargoyle Earth Elementalist on June 4, 2019.
             Slain by an orc
             ... wielding a +1 morningstar of protection
              (8 damage)
             ... on level 3 of the Dungeon.
             The game lasted 00:12:49 (3805 turns).

cab the Digger (Gargoyle Earth Elementalist)        Turns: 3805, Time: 00:12:49

Health: -1/28      AC:  6    Str: 11    XL:     5   Next: 78%
Magic:  4/9        EV: 12    Int: 17    God:
Gold:   143        SH:  0    Dex: 10    Spells: 6/10 levels left

rFire    . . .     SeeInvis .   r - +1 mace (protect)
rCold    . . .     Gourm    .   (no shield)
rNeg     + . .     Faith    .   c - +0 robe
rPois    ∞         Spirit   .   (no helmet)
rElec    +         Reflect  .   (no cloak)
rCorr    .         Harm     .   (no gloves)
MR       .....                  (no boots)
Stlth    ++........             (no amulet)
HPRegen  0.09/turn              (no ring)
MPRegen  0.11/turn              (no ring)

@: no status effects
A: negative energy resistance 1, electricity resistance, unbreathing,
petrification resistance, rot immunity, AC +4
a: no special abilities


You were on level 3 of the Dungeon.
You were not hungry.

You visited 1 branch of the dungeon, and saw 3 of its levels.

You collected 143 gold pieces.

Inventory:

Hand Weapons
 e - a +0 club
 h - a +0 dagger of draining
 o - a +0 mace
 p - a +0 hunting sling
 r - a +1 mace of protection (weapon)
Missiles
 b - 73 stones (quivered)
 q - 20 sling bullets
Armour
 c - a +0 robe (worn)
 l - a +0 leather armour
Scrolls
 f - 3 scrolls of identify {unknown}
 g - 2 scrolls of enchant weapon {unknown}
 i - a scroll of noise {unknown}
 m - a scroll of amnesia {unknown}
Potions
 a - a potion of ambrosia {unknown}
 j - a potion of flight {unknown}
 k - a potion of mutation {unknown}
Comestibles
 d - 7 rations
 n - 8 chunks of flesh


   Skills:
 - Level 0.1 Fighting
 + Level 2.3 Armour
 - Level 1.5 Dodging
 - Level 2.1 Stealth
 - Level 3.0 Spellcasting
 + Level 2.2 Conjurations
   Level 0.7 Transmutations
 + Level 5.4 Earth Magic


You had 6 spell levels left.
You knew the following spells:

 Your Spells              Type           Power        Failure   Level  Hunger
a - Sandblast             Erth           ###...       1%          1    None
b - Stone Arrow           Conj/Erth      ###...       11%         3    ###....

Your spell library contained the following spells:

 Spells                   Type           Power        Failure   Level  Hunger
 Passwall                 Tmut/Erth      ##......     8%          2    ##.....
 Petrify                  Tmut/Erth      ##......     43%         4    ####...
 Lee's Rapid Deconstruct  Erth           ###.......   45%         5    ######.


Dungeon Overview and Level Annotations

Branches:
Dungeon (3/15)

Altars:


Innate Abilities, Weirdness & Mutations

You are resistant to torment.
Your stone body is resilient. (AC +4)
You are immune to poison.
You resist negative energy. (rN+)
You are resistant to electric shocks. (rElec)
You can survive without breathing.
You are immune to petrification.
You are immune to rotting.


Message History

b - 75 stones The orc barely misses you.
Casting: Sandblast (safe; 1% risk of failure)
Confirm with . or Enter, or press ? or * to list all spells.
Aiming: Sandblast (safe; 1% risk of failure)
Press: ? - help, Shift-Dir - straight line, f/p - orc
Aim: an orc, wielding a +1 morningstar of protection, wearing a +0 ring mail and wearing an uncursed ring of ice (heavily wounded)
The blast of sand hits the orc but does no damage.
The orc is heavily wounded.
b - 74 stones The orc closely misses you.
Casting: Sandblast (safe; 1% risk of failure)
Confirm with . or Enter, or press ? or * to list all spells.
Aiming: Sandblast (safe; 1% risk of failure)
Press: ? - help, Shift-Dir - straight line, f/p - orc
Aim: an orc, wielding a +1 morningstar of protection, wearing a +0 ring mail and wearing an uncursed ring of ice (heavily wounded)
The blast of sand misses the orc.
b - 73 stones The orc hits you with a +1 morningstar of protection!
You die...

# .≈............
#.# .#
.≈.####.####..
≈##.. .#
#≈#####.# #..
≈...# .#
#≈#.....# #..
#...#. ###...#
#.. ≈ .>... ###
#...####..
≈..###..# #.#
#.........
#......###.#
#....#####
#.....o@##.#
#....#....
≈......#[##.#
#....#####
.......#..#.#
#....# #..
##.....##)#.#
#...##≈##. #..o..
#.#.######.##≈##.
#..o.. #...).#
#.#.≈.#÷ ##.###
##..#.# #.#.≈...
#. #.>#.#
#...≈...
####.####.#####.


You could see an orc.

Vanquished Creatures
  2 orc priests (D:3)
  Robin (D:2)
  5 adders
  2 worms
  2 dart slugs (D:2)
  3 orcs (D:3)
  6 bats
  A giant cockroach (D:2)
  17 goblins
  8 hobgoblins
  6 jackals
  A quokka (D:3)
  A ball python (D:1)
  5 frilled lizards
  6 kobolds
  5 rats
71 creatures vanquished.

Notes
Turn   | Place    | Note
-------+----------+-------------------------------------------
     0 | D:1      | cab the Gargoyle Earth Elementalist began the quest for the
                  | Orb.
     0 | D:1      | Reached XP level 1. HP: 10/10 MP: 3/3
   377 | D:1      | Reached XP level 2. HP: 14/15 MP: 5/5
   464 | D:1      | Reached skill level 4 in Earth Magic
  1263 | D:2      | Reached XP level 3. HP: 10/19 MP: 2/7
  1400 | D:2      | Learned a level 3 spell: Stone Arrow
  1839 | D:2      | Reached XP level 4. HP: 24/24 MP: 8/8
  2240 | D:2      | Noticed Robin
  2265 | D:2      | Killed Robin
  2265 | D:2      | Reached skill level 1 in Armour
  2288 | D:2      | Reached skill level 1 in Conjurations
  2770 | D:2      | Reached skill level 5 in Earth Magic
  3228 | D:3      | Reached XP level 5. HP: 27/28 MP: 7/9
  3805 | D:3      | Slain by an orc

Skill      XL: |  1  2  3  4  5 |
---------------+----------------+-----
Earth Magic    | 4 5 |  5.4
Armour         | 1 2 |  2.3
Spellcasting   | 3 |  3.0
Conjurations   | 1 2 |  2.2
Fighting       | |  0.1
Dodging        | |  1.5
Stealth        | |  2.1
Transmutations | |  0.7

Action                   |  1- 3 |  4- 6 || total
-------------------------+-------+-------++-------
Melee: Club              |    77 |    42 ||   119
       Unarmed           |     4 |       ||     4
       Mace              |       |   107 ||   107
 Cast: Sandblast         |    20 |    32 ||    52
       Stone Arrow       |       |     2 ||     2
 Stab: Sleeping          |     1 |     2 ||     3
  Eat: Chunk             |     3 |     7 ||    10
Armor: Robe              |    41 |    69 ||   110
Dodge: Dodged            |    67 |   148 ||   215
